Map: Ice and Chrome LE

Players

BratOK (Brat_OK)

  • Race: Terran Terran
  • League: Grandmaster
  • Spawn Location: 7:00

TLHarstem (Harstem) - Winner!

  • Race: Protoss Protoss
  • League: Master
  • Spawn Location: 1:00

Event: DreamHack SC2 Masters 2020 Summer Europe

VOD

Have the link to the VOD?

Description

Time

  • Played on: July 2, 2020, 10:46 a.m.
  • Length: 4:52

All games in this series

Show
View Real Time Build Order
Export as new Build Order

BratOK Terran 

Build Orders: 1/1/1, Liberator Opening 

Get SALT Encoding   

  12  0:00  SCV  
  13  0:13  SCV  
  14  0:17  Supply Depot  
  14  0:25  SCV  
  15  0:38  SCV  
  15  0:39  Barracks  
  16  0:45  Refinery  
  16  0:52  Refinery  
  16  0:54  SCV  
  17  1:07  SCV  
  18  1:19  SCV  
  19  1:25  Barracks Reactor  
  19  1:31  Orbital Command  
  19  1:41  Factory  
  19  1:55  Supply Depot  
  19  1:57  SCV  
  20  2:03  Marine x2  
  22  2:09  SCV  
  23  2:20  Marine x2  
  23  2:21  SCV  
  26  2:25  Factory Tech Lab  
  26  2:27  Starport  
  26  2:35  Supply Depot  
  26  2:43  Siege Tank  
  26  2:44  Marine  
  29  2:45  Marine  
  31  3:00  Supply Depot  
  31  3:03  Liberator  
  34  3:06  Marine  
  34  3:07  Marine  
  36  3:18  Siege Tank  
  39  3:23  Supply Depot  
  39  3:26  Marine  
  40  3:28  Marine  
  41  3:35  SCV  
  42  3:46  Supply Depot  
  42  3:49  Viking  
  42  3:50  Marine  
  42  3:51  Marine  
  46  3:59  Siege Tank  
  46  4:15  Marine x2  
  48  4:22  Viking  
  50  4:25  Supply Depot  
Show
View Real Time Build Order
Export as new Build Order

TLHarstem Protoss - Winner!

Build Orders: 1 Gate Expand 

Get SALT Encoding   

  12  0:01  Probe  
  13  0:13  Probe  
  14  0:17  Pylon  
  14  0:25  Probe  
  15  0:34  Probe  
  15  0:37  Gateway  
  15  0:42  Probe  
  17  0:50  Assimilator  
  17  0:51  Probe  
  18  1:03  Probe  
  19  1:15  Probe  
  20  1:24  Cybernetics Core  
  20  1:32  Nexus  
  20  1:39  Pylon  
  20  1:42  Probe  
  21  1:48  Assimilator  
  21  1:50  Adept  
  21  1:55  Probe  
  24  2:01  Warp Gate  
  24  2:07  Probe  
  25  2:11  Stalker  
  25  2:12  Shield Battery  
  25  2:19  Probe  
  28  2:32  Probe  
  29  2:38  Robotics Facility  
  29  2:44  Stalker  
  29  2:46  Probe  
  29  2:50  Probe  
  33  3:00  Probe  
  33  3:03  Gateway  
  33  3:05  Probe  
  35  3:13  Probe  
  35  3:17  Probe  
  37  3:25  Probe, Immortal  
  39  3:29  Pylon  
  42  3:39  Gateway  
  41  3:49  Stalker  
  41  3:51  Probe  
  41  3:52  Probe  
  41  3:53  Pylon  
  45  3:57  Stalker  
  45  3:58  Immortal  
  49  4:13  Zealot  
  51  4:17  Pylon  
  51  4:21  Pylon  
  51  4:22  Zealot  
  50  4:34  Probe  
  50  4:36  Stalker  
  50  4:37  Probe  
Tags
 
Add a new tag
Caveats
  • Supply blocks, unpowered buildings, or Contaminate may cause inaccurate times.
  • Supply counts are checked every 10 seconds.